 Dungeon Crawl Stone Soup version 0.20-a0-29-g41cc41e (webtiles) character file.

7637 KristoblXynda the Spear-Bearer (level 10, -3/77 HPs)
             Began as a Centaur Gladiator on Nov 7, 2016.
             Was an Elder of Yredelemnul.
             Slain by a hornet (9 damage)
             ... on level 10 of the Dungeon.
             The game lasted 00:25:30 (11884 turns).

KristoblXynda the Spear-Bearer (Centaur Gladiator) Turns: 11884, Time: 00:25:30

Health: -3/77      AC: 23    Str: 18 (19) XL:     10   Next: 98%
Magic:  16/16      EV:  7    Int:  7 (9)  God:    Yredelemnul [****..]
Gold:   259        SH:  0    Dex: 13      Spells: 0 memorised, 9 levels left

rFire  . . .     SeeInvis .     x - +3 halberd (protect)
rCold  . . .     Gourm    .     g - +1 chain mail
rNeg   . . .     Faith    +     (shield currently unavailable)
rPois  .         Spirit   .     c - +1 helmet
rElec  .         Reflect  .     q - +1 cloak
rCorr  .         Harm     .     y - +2 pair of gloves
MR     .....                    (no barding)
Stlth  ..........               k - amulet of faith
                                r - +5 ring of protection
                                C - +3 ring of dexterity

@: slowed
A: hooves 3, deformed body, deterioration 1, speed 2, tough skin 3, subdued
magic 1, sturdy frame 1
a: Recall Undead Slaves, Injury Mirror, Animate Dead, Drain Life, Renounce
Religion


You were on level 10 of the Dungeon.
You worshipped Yredelemnul.
Yredelemnul was greatly pleased with you.
You were hungry.

You visited 2 branches of the dungeon, and saw 11 of its levels.

You collected 535 gold pieces.
You spent 276 gold pieces at shops.

Inventory:

Hand Weapons
 b - a +0 hand crossbow
 x - a +3 halberd of protection (weapon)
Missiles
 n - 70 bolts
Armour
 c - a +1 helmet (worn)
 g - a +1 chain mail (worn)
 q - a +1 cloak (worn)
 y - a +2 pair of gloves (worn)
Jewellery
 k - an amulet of faith (around neck)
 r - a +5 ring of protection (right hand)
 v - an uncursed ring of wizardry
 A - an uncursed ring of see invisible {unknown}
 C - a +3 ring of dexterity (left hand)
Wands
 o - a wand of teleportation (4/9)
Scrolls
 e - a scroll of enchant armour
 h - a scroll of amnesia
 i - a scroll of remove curse
 l - 3 scrolls of fog
 m - a scroll of magic mapping
 w - 2 scrolls of teleportation
Potions
 a - 2 potions of brilliance
 s - a potion of degeneration {unknown}
 u - 2 potions of agility
 B - a potion of flight
Books
 p - a book of Misfortune

   Spells                             Type                      Level
   a - Confusing Touch                Hexes                        1
   b - Confuse                        Hexes                        3
   c - Gell's Gravitas                Hexes/Translocation          3
   d - Petrify                        Transmutation/Earth          4
   e - Metabolic Englaciation         Hexes/Ice                    5
   f - Yara's Violent Unravelling     Hexes/Transmutation          5
Comestibles
 f - 6 bread rations
 j - 4 fruits
 z - 5 meat rations


   Skills:
 - Level 3.6 Fighting
 + Level 9.5 Polearms
 + Level 1.3 Crossbows
 - Level 2.1 Throwing
 + Level 7.5 Armour
 - Level 3.3 Dodging
 - Level 9.1 Invocations


You had 9 spell levels left.
You didn't know any spells.

Dungeon Overview and Level Annotations

Branches:
Dungeon (10/15)            Temple (1/1) D:4            Lair (0/6) D:9
    Orc (0/2) D:10

Altars:
Ashenzari
Cheibriados
Dithmenos
Elyvilon
Fedhas
Gozag
Hepliaklqana
Kikubaaqudgha
Makhleb
Nemelex Xobeh
Okawaru
Qazlal
Ru
Sif Muna
Trog
Uskayaw
Vehumet
Xom
Yredelemnul
Zin
The Shining One

Shops:
D:7 *   D:8 [


Innate Abilities, Weirdness & Mutations

You have hooves in place of feet.
Armour fits poorly on your strangely shaped body.
You cover ground very quickly.
You have extremely tough skin. (AC +3)
Your body sometimes deteriorates upon taking damage.
Your spells are a little easier to cast, but a little less powerful.
Your movements are slightly less encumbered by armour. (ER -2)


Message History

The hornet stings you.
* * * LOW HITPOINT WARNING * * *
You feel yourself slow down. Yredelemnul accepts your kill.
You feel a bit more experienced.
Okay, then.
Firing (i - inventory): No suitable missiles.
Press: ? - help, Shift-Dir - straight line, f/p - hornet
Aim: a hornet (severely wounded)
Okay, then.
Okay, then.
Okay, then.
Okay, then.
Wield which item (- for none, * to show all)? (? for menu, Esc to quit)
Okay, then.
You barely miss the hornet. Your kick misses the hornet.
The hornet is severely wounded.
The hornet stings you!
You die...
Your body rises from the dead as a mindless zombie.

#.## ..######
.......# ..####.# ###
..####.###### #.. #
....#.......# #.# .#
.##.#.......#.##.##.#
z##z#.......#..y....#
...M........# #@.#
#####.)..<..# ##.# #
#.......# #.# #
#.......## #.# #
######...# #.# #
#...# #.# ####
####...####.#
...####.).......#.#
##................#


You could see a hornet.

Vanquished Creatures
  A manticore (D:10)
  The ghost of Soeti the Skirmisher, a novice DgFi (D:7)
  A gargoyle (D:10)
  A troll (D:10)
  A hippogriff (D:8)
  A hungry ghost (D:8)
  A water moccasin (D:9)
  3 orc warriors
  A sky beast (D:7)
  2 ice beasts
  A necrophage (D:9)
  A black bear (D:9)
  5 ogres
  2 wolves (D:8)
  8 centaurs
  2 crocodiles (D:10)
  A phantom (D:9)
  2 big kobolds (D:10)
  2 bullfrogs
  A gnoll sergeant (D:8)
  8 killer bees (D:10)
  A wight (D:7)
  4 howler monkeys (D:8)
  3 electric eels (D:10)
  A bullfrog zombie (D:7)
  5 crimson imps (D:5)
  4 hounds
  A quasit (D:10)
  Crazy Yiuf (D:2)
  2 centaur skeletons
  3 orc priests
  3 jellies
  Terence (D:3)
  2 iguanas (D:8)
  4 orc wizards
  7 worker ants
  A hound skeleton (D:7)
  A howler monkey zombie (D:7)
  6 gnolls
  2 river rats (D:9)
  12 adders
  2 shadow imps
  An ooze (D:2)
  2 adder zombies
  2 worms
  2 dart slugs
  6 leopard geckos
  32 orcs
  6 giant cockroaches
  3 goblins
  8 hobgoblins
  2 jackals (D:7)
  17 kobolds
  8 quokkas
  A ball python (D:6)
  5 bats
  4 frilled lizards
  A jackal zombie (D:5)
  A leopard gecko skeleton (D:5)
  6 rats
  A plant (D:3)
220 creatures vanquished.

Vanquished Creatures (collateral kills)
  Josephine (D:10)
  A tengu warrior (D:10)
  A centaur skeleton (D:10)
  3 wraiths (D:10)
  Grum (D:8)
  A water moccasin (D:10)
  A phantom (D:8)
  A scorpion (D:10)
  2 killer bees (D:10)
  3 electric eels (D:10)
  A hound (D:10)
  An adder (D:9)
  A bat (D:9)
  A quokka (D:8)
  3 rats (D:9)
  7 fungi (D:9)
  7 plants
36 creatures vanquished.

Vanquished Creatures (others)
  A flying skull (D:10)
  A troll zombie (D:10)
  A killer bee zombie (D:10)
  A crocodile zombie (D:10)
  A mummy (D:10)
  A kobold zombie (D:10)
6 creatures vanquished.

Grand Total: 262 creatures vanquished

Notes
Turn   | Place    | Note
-------+----------+-------------------------------------------
     0 | D:1      | KristoblXynda the Centaur Gladiator began the quest for the Orb.
     0 | D:1      | Reached XP level 1. HP: 17/17 MP: 1/1
   123 | D:1      | Reached XP level 2. HP: 23/24 MP: 2/2
   902 | D:2      | Reached XP level 3. HP: 29/29 MP: 3/3
   935 | D:2      | Found a sparkling altar of Nemelex Xobeh.
  1057 | D:2      | Reached skill level 1 in Armour
  1170 | D:2      | Found a runed door.
  1413 | D:2      | Noticed Crazy Yiuf
  1462 | D:2      | Killed Crazy Yiuf
  1462 | D:2      | Reached XP level 4. HP: 13/36 MP: 4/4
  2367 | D:3      | Noticed Terence
  2407 | D:3      | Killed Terence
  2456 | D:3      | Found an opulent altar of Gozag.
  2886 | D:3      | Reached XP level 5. HP: 38/41 MP: 5/5
  3587 | D:4      | Found a staircase to the Ecumenical Temple.
  3611 | Temple   | Entered the Ecumenical Temple
  3886 | Temple   | Became a worshipper of Yredelemnul the Dark
  4664 | D:4      | Reached XP level 6. HP: 43/48 MP: 6/6
  5055 | D:4      | Noticed an ice beast
  5091 | D:4      | Killed an ice beast
  5091 | D:4      | Reached skill level 1 in Invocations
  5209 | D:5      | Entered Level 5 of the Dungeon
  5272 | D:5      | Reached XP level 7. HP: 21/55 MP: 8/8
  5393 | D:5      | Reached * piety under Yredelemnul
  5481 | D:5      | Reached skill level 5 in Polearms
  5702 | D:5      | Gained mutation: Your body sometimes deteriorates upon taking damage. [potion of mutation]
  5702 | D:5      | Gained mutation: Your spells are a little easier to cast, but a little less powerful. [potion of mutation]
  5702 | D:5      | Gained mutation: Your movements are slightly less encumbered by armour. (ER -2) [potion of mutation]
  5709 | D:5      | Found an opulent altar of Gozag.
  6559 | D:6      | Reached XP level 8. HP: 40/61 MP: 9/11
  6838 | D:7      | Reached ** piety under Yredelemnul
  6997 | D:7      | Found Ixat's Assorted Antiques.
  7019 | D:7      | Noticed Soeti's ghost (novice DgFi)
  7080 | D:7      | Killed Soeti's ghost
  7080 | D:7      | Reached skill level 5 in Invocations
  7188 | D:7      | Identified a scroll of acquirement
  7564 | D:7      | Reached skill level 5 in Armour
  7651 | D:7      | Reached XP level 9. HP: 67/67 MP: 13/13
  7664 | D:7      | Bought a potion of lignification for 105 gold pieces
  7664 | D:7      | Bought a fuming emerald potion for 31 gold pieces
  7664 | D:7      | Bought a potion of curing for 105 gold pieces
  7664 | D:7      | Bought a scroll labeled SIAMEI UVYOX for 35 gold pieces
  8104 | D:8      | Reached *** piety under Yredelemnul
  8446 | D:8      | Noticed Grum
  8458 | D:8      | Found Atonn's Antique Armour Shop.
  9110 | D:8      | Received a gift from Yredelemnul (a mummy)
  9265 | D:8      | Killed Grum
  9524 | D:9      | Reached XP level 10. HP: 69/73 MP: 16/16
  9549 | D:9      | Reached **** piety under Yredelemnul
  9559 | D:9      | Received a gift from Yredelemnul (5 flying skulls)
  9566 | D:9      | Found a staircase to the Lair.
  9883 | D:9      | Received a gift from Yredelemnul (a mummy)
  9918 | D:10     | Entered Level 10 of the Dungeon
  9918 | D:10     | Noticed a gargoyle
  9936 | D:10     | Killed a gargoyle
 10421 | D:10     | Noticed a manticore
 10442 | D:10     | Killed a manticore
 10953 | D:10     | Received a gift from Yredelemnul (2 flying skulls)
 11294 | D:10     | Noticed Josephine
 11305 | D:10     | Killed Josephine
 11363 | D:10     | Found a staircase to the Orcish Mines.
 11551 | D:10     | Noticed a tengu warrior
 11570 | D:10     | Killed a tengu warrior
 11570 | D:10     | Reached skill level 1 in Crossbows
 11597 | D:10     | Received a gift from Yredelemnul (a wight)
 11864 | D:10     | Paralysed by a hornet for 3 turns
 11875 | D:10     | Paralysed by a hornet for 2 turns
 11884 | D:10     | Slain by a hornet

Vault maps used:
D:1:      dpeg_arrival_erosion
D:2:      first_bread, grunt_decor_fettered, corexii_leaking_fountain,
          nemelex_lonely_heart_becter, uniq_crazy_yiuf_cottage
D:3:      wad_woods_tower, minmay_splitting_lines, grunt_gozag_breadcrumbs,
          uniq_terence
D:4:      grunt_decor_resistance, corexii_corridor_pit
D:5:      basic_altar
D:6:      hex_medium, feat_on_display
D:7:      kennysheep_windowed_goal
D:8:      serial_shops, nicolae_shop_trees, uniq_grum
D:9:      due_lair_maze_entry_diamond
D:10:     cheibrodos_two_vegetables, orc_0_dummy, uniq_josephine
Temple:   roderic_octagonal_lattice_temple

Skill      XL: |  1  2  3  4  5  6  7  8  9 10 |
---------------+-------------------------------+-----
Polearms       | 3 4 5 6 8 9 |  9.5
Armour         | 1 2 3 5 6 7 |  7.5
Dodging        | 3 |  3.3
Invocations    | 2 4 6 8 9 |  9.1
Fighting       | 3 |  3.6
Crossbows      | 1 |  1.3
Throwing       | |  2.1

Action                   |  1- 3 |  4- 6 |  7- 9 | 10-12 || total
-------------------------+-------+-------+-------+-------++-------
Melee: Trident           |   139 |   272 |   205 |       ||   616
       Kick              |    27 |    66 |   102 |    65 ||   260
       Halberd           |       |       |   276 |   272 ||   548
 Fire: Hand crossbow     |       |       |       |     2 ||     2
Throw: Throwing net      |       |       |       |     3 ||     3
Invok: Animate Dead      |       |       |     4 |     4 ||     8
       Recall Undead Sla |       |       |       |     1 ||     1
Evoke: Wand              |       |     1 |     7 |       ||     8
  Use: Scroll            |       |    13 |    10 |     4 ||    27
       Potion            |       |     2 |     5 |     3 ||    10
 Stab: Invisible         |     1 |       |       |       ||     1
       Distracted        |       |       |       |     2 ||     2
  Eat: Chunk             |     1 |     2 |     4 |       ||     7
       Beef jerky        |       |     2 |     1 |     2 ||     5
       Bread ration      |       |     2 |     1 |       ||     3
       Meat ration       |       |       |     1 |       ||     1
       Fruit             |       |       |       |     1 ||     1
Armor: Chain mail        |    90 |   122 |   331 |   203 ||   746
       Leather armour    |     5 |       |       |       ||     5
       Skin              |       |    10 |    32 |       ||    42
Dodge: Dodged            |    46 |    60 |   195 |   114 ||   415
